 Dungeon Crawl Stone Soup version 0.25.1-2-g60ff931df9 (webtiles) character file.

Game seed: 1819022446271313780

289045 skhv the Thaumaturge (level 20, 0/156 HPs)
             Began as a Gnoll Wizard on Oct 29, 2020.
             Was the Champion of Okawaru.
             Shot with an arrow by a deep elf master archer (25 damage)
             ... on level 3 of the Elven Halls on Oct 30, 2020.
             The game lasted 05:25:56 (69315 turns).

skhv the Thaumaturge (Gnoll Wizard)                Turns: 69315, Time: 05:25:57

Health: 0/156      AC: 23    Str: 16      XL:     20   Next: 71%
Magic:  19/38      EV: 28    Int: 19 (23) God:    Okawaru [******]
Gold:   1434       SH:  9    Dex: 18      Spells: 21/48 levels left

rFire    + . .     SeeInvis +   I - +3 demon whip (elec)
rCold    + + .     Gourm    .   K - +0 buckler of the Sacrificial Victim {rPois Str+4}
rNeg     + + +     Faith    .   E - +4 steam dragon scales
rPois    +         Spirit   .   m - +0 helmet
rElec    +         Reflect  .   M - +2 cloak {rPois}
rCorr    .         Harm     .   O - +1 pair of gloves of Love and Death {rN+}
MR       +....                  a - +0 pair of boots
Stlth    +++++++...             N - amulet "Uharom" {Acrobat rPois rF- rN++}
HPRegen  0.36/turn              X - ring of Equilibrium {+Fly rF+ rC++ SInv}
MPRegen  0.26/turn              w - ring "Typt" {rElec rF+ Dex+2}

@: heroism
A: distributed training, fangs 1, weak 1, strong nose
}: 2/15 runes: serpentine, barnacled
a: Heroism, Finesse, Renounce Religion, Evoke Flight


You were on level 3 of the Elven Halls.
You worshipped Okawaru.
Okawaru was exalted by your worship.
You were not hungry.

You visited 7 branches of the dungeon, and saw 35 of its levels.
You visited the Abyss 1 time.
You also visited: Gauntlet and Ice Cave.

You collected 3846 gold pieces.
You spent 2412 gold pieces at shops.

Inventory:

Hand Weapons
 r - the +9 double sword of Analysis {freeze, rC+ Stlth+}
   (You found it on level 4 of the Shoals)

   It has been specially enchanted to freeze those struck by it, causing extra
   injury to most foes and up to half again as much damage against particularly
   susceptible opponents.
   It can also slow down cold-blooded creatures.
   It protects you from cold.
   It makes you more stealthy.
 I - a +3 demon whip of electrocution (weapon)
 V - the +6 rapier "Hiomeb" {antimagic, rElec rPois Str-2 Int+6}
   (You found it on level 12 of the Dungeon)

   It reduces the magical energy of the wielder, and disrupts the spells and
   magical abilities of those hit.
   Natural abilities and divine invocations are not affected.
   It affects your strength (-2).
   It affects your intelligence (+6).
   It insulates you from electricity.
   It protects you from poison.
Armour
 a - a +0 pair of boots (worn)
 k - a +0 hat of magic resistance
 m - a +0 helmet (worn)
 E - +4 steam dragon scales (worn)
 K - the +0 buckler of the Sacrificial Victim (worn) {rPois Str+4}
   (Okawaru gifted it to you on level 3 of the Elven Halls)

   It affects your strength (+4).
   It protects you from poison.
 M - a +2 cloak of poison resistance (worn)
 O - the +1 pair of gloves of Love and Death (worn) {rN+}
   (You found it in a Gauntlet)

   It protects you from negative energy.
Jewellery
 b - an uncursed ring of resist corrosion
 f - the amulet "Ynigykk" {Spirit rF+ rC+ rN+ Dex-2}
   (You bought it in a shop on level 12 of the Dungeon)

   [amulet of guardian spirit]

   It causes incoming damage to be split between your health and magic.
   It affects your dexterity (-2).
   It protects you from fire.
   It protects you from cold.
   It protects you from negative energy.
 g - an uncursed ring of wizardry
 i - an uncursed amulet of regeneration
 w - the ring "Typt" (right hand) {rElec rF+ Dex+2}
   (You found it in a Gauntlet)

   [ring of protection from fire]

   It affects your dexterity (+2).
   It protects you from fire.
   It insulates you from electricity.
 x - an uncursed amulet of magic regeneration
 J - the ring of Igiop {*Tele Dex+3}
   (You took it off a deep elf death mage on level 3 of the Elven Halls)

   [ring of teleportation]

   It may teleport you next to monsters.
   It affects your dexterity (+3).
 N - the amulet "Uharom" (around neck) {Acrobat rPois rF- rN++}
   (You acquired it on level 10 of the Dungeon)

   [amulet of the acrobat]

   It helps you evade while moving and waiting.
   It makes you vulnerable to fire.
   It protects you from poison.
   It greatly protects you from negative energy.
 Q - the ring "Umeelus" {rPois MR+ Str+3 Dex+3}
   (You acquired it on level 3 of the Lair of Beasts)

   [ring of poison resistance]

   It affects your strength (+3).
   It affects your dexterity (+3).
   It protects you from poison.
   It affects your resistance to hostile enchantments.
 U - an uncursed ring of protection from magic
 X - the ring of Equilibrium (left hand) {+Fly rF+ rC++ SInv}
   (You bought it in a shop on level 12 of the Dungeon)

   [ring of flight]

   It protects you from fire.
   It greatly protects you from cold.
   It lets you see invisible.
   It lets you fly.
Wands
 y - a wand of clouds (6)
 z - a wand of digging (21)
 C - a wand of acid (10)
 F - a wand of iceblast (14)
 L - a wand of disintegration (11)
 W - a wand of flame (14)
Scrolls
 c - 2 scrolls of fog
 e - a scroll of torment {unknown}
 h - 19 scrolls of remove curse
 o - 7 scrolls of teleportation
 q - 3 scrolls of magic mapping
 t - a scroll of fear
 u - a scroll of blinking
 v - a scroll of amnesia
 A - 2 scrolls of enchant armour
 S - 20 scrolls of identify
Potions
 j - 4 potions of brilliance
 l - 2 potions of resistance
 n - 4 potions of lignification
 p - 4 potions of flight
 s - 12 potions of curing
 D - a potion of cancellation {unknown}
 G - 2 potions of berserk rage
 H - 7 potions of might
 P - 4 potions of haste
 T - 2 potions of stabbing
 Y - a potion of ambrosia
Miscellaneous
 B - 2 phantom mirrors
Comestibles
 d - 23 rations


   Skills:
 + Level 13.3(18.3) Fighting
 + Level 13.3(18.3) Short Blades
 + Level 13.3(18.3) Long Blades
 + Level 13.3(18.3) Axes
 + Level 13.3(18.3) Maces & Flails
 + Level 13.3(18.3) Polearms
 + Level 13.3(18.3) Staves
 + Level 13.3(18.3) Slings
 + Level 13.3(18.3) Bows
 + Level 13.3(18.3) Crossbows
 + Level 13.3(18.3) Throwing
 + Level 13.3(18.3) Armour
 + Level 14.0(19.0) Dodging
 + Level 13.9(18.9) Stealth
 + Level 13.3(18.3) Shields
 + Level 13.3(18.3) Unarmed Combat
 + Level 14.8 Spellcasting
 + Level 11.7 Conjurations
 + Level 11.5 Hexes
 + Level 11.5 Charms
 + Level 11.7 Summonings
 + Level 11.5 Necromancy
 + Level 11.7 Translocations
 + Level 11.5 Transmutations
 + Level 11.5 Fire Magic
 + Level 11.5 Ice Magic
 + Level 11.5 Air Magic
 + Level 11.5 Earth Magic
 + Level 11.5 Poison Magic
 + Level 14.4 Invocations
 + Level 13.3 Evocations


You had 21 spell levels left.
You knew the following spells:

 Your Spells              Type           Power        Failure   Level  Hunger
a - Magic Dart            Conj           ####         1%          1    None
b - Blink                 Tloc           N/A          1%          2    None
c - Mephitic Cloud        Conj/Pois/Air  ######..     1%          3    None
d - Ignite Poison         Fire/Tmut/Pois ######..     1%          3    None
e - Olgreb's Toxic Radia  Pois           ######..     1%          4    None
f - Poisonous Vapours     Pois/Air       ######       1%          2    None
g - Freezing Cloud        Conj/Ice/Air   ######....   6%          6    #####..
h - Invisibility          Hex            ######..     6%          6    #####..

Your spell library contained the following spells:

 Spells                   Type           Power        Failure   Level  Hunger
 Corona                   Hex            ######.      1%          1    None
 Sandblast                Erth           ######       1%          1    None
 Sting                    Tmut/Pois      ####         1%          1    None
 Call Imp                 Summ           ######..     1%          2    None
 Corpse Rot               Necr/Air       N/A          1%          2    None
 Passwall                 Tmut/Erth      ######..     1%          2    None
 Shroud of Golubria       Chrm/Tloc      ######       1%          2    None
 Slow                     Hex            ######..     1%          2    None
 Sublimation of Blood     Necr           ######....   1%          2    None
 Swiftness                Chrm/Air       ######..     1%          2    None
 Conjure Flame            Conj/Fire      ######..     1%          3    None
 Gell's Gravitas          Tloc           ######....   1%          3    None
 Inner Flame              Hex/Fire       ######..     1%          3    None
 Lesser Beckoning         Tloc           ######....   1%          3    None
 Portal Projectile        Hex/Tloc       ######       1%          3    None
 Stone Arrow              Conj/Erth      ######       1%          3    None
 Teleport Other           Tloc           ######..     1%          3    None
 Cause Fear               Hex            ######....   1%          4    None
 Leda's Liquefaction      Hex/Erth       ######....   1%          4    None
 Passage of Golubria      Tloc           N/A          1%          4    None
 Petrify                  Tmut/Erth      ######..     1%          4    None
 Alistair's Intoxication  Tmut/Pois      ######..     1%          5    ###....
 Bolt of Magma            Conj/Fire/Erth ######....   1%          5    ###....
 Irradiate                Conj/Tmut      ######....   1%          5    ###....
 Iskenderun's Battlesphe  Conj/Chrm      ######..     1%          5    ###....
 Lee's Rapid Deconstruct  Erth           ######....   1%          5    ###....
 Silence                  Hex/Air        ######....   1%          5    ###....
 Summon Forest            Summ/Tloc      ######....   1%          5    ###....
 Yara's Violent Unravell  Hex/Tmut       ######....   1%          5    ###....
 Darkness                 Hex            ######....   6%          6    #####..
 Eringya's Noxious Bog    Tmut/Pois      ######....   6%          6    #####..
 Hydra Form               Tmut           ######....   6%          6    #####..
 Iron Shot                Conj/Erth      ######....   6%          6    #####..
 Statue Form              Tmut/Erth      ######...    6%          6    #####..
 Orb of Destruction       Conj           ######....   32%         7    ######.
 Spellforged Servitor     Conj/Summ      ######....   32%         7    ######.
 Summon Hydra             Summ           ######....   32%         7    ######.
 Dragon Form              Tmut           ######....   34%         7    ######.
 Ring of Flames           Chrm/Fire      ######....   34%         7    ######.
 Discord                  Hex            ######....   95%         8    #######


Dungeon Overview and Level Annotations

Branches:
Dungeon (15/15)            Temple (1/1) D:5            Lair (6/6) D:9
 Shoals (4/4) Lair:4        Snake (4/4) Lair:4        Slime (0/5) Lair:6
    Orc (2/2) D:11            Elf (3/3) Orc:2        Vaults (0/5) D:14
 Depths (0/5) D:15          IceCv (visited)         Gauntlet (visited)

Altars:
Ashenzari
Cheibriados
Dithmenos
Elyvilon
Fedhas
Gozag
Hepliaklqana
Kikubaaqudgha
Makhleb
Nemelex Xobeh
Okawaru
Qazlal
Ru
Sif Muna
Trog
Uskayaw
Vehumet
Wu Jian
Xom
Yredelemnul
Zin
The Shining One
Beogh

Shops:
D:12 =   Orc:2 ?[:=   Elf:1 =   Elf:2 (%(!   Shoals:1 (   Shoals:3 [

Annotations:
D:14 exclusion: ugly thing
Shoals:3 1 runed translucent door, Eddaez Biosh's ghost, journeyman HOFi


Innate Abilities, Weirdness & Mutations

Your experience applies equally to all skills.
You have very sharp teeth.
Your uncanny sense of smell can sniff out nearby items.
You are weak. (Str -2)


Message History

You completely miss the deep elf master archer.
The deep elf master archer is severely wounded.
You whack the deep elf master archer!
The deep elf master archer is almost dead.
The deep elf master archer shoots an arrow.
The arrow hits you!
* * * LOW HITPOINT WARNING * * *
You hit the deep elf master archer.
The deep elf master archer is almost dead.
The deep elf master archer shoots an arrow.
The arrow closely misses you.
Your magical contamination has completely faded away.
You miss the deep elf master archer.
The deep elf master archer is almost dead.
The deep elf master archer shoots an arrow.
The arrow misses you.
You gain the combat prowess of a mighty hero.
The deep elf master archer shoots an arrow.
The arrow hits you!!
You die...

§§)≈§[..# ∆∆∆ #...##########....
##e###### ∆∆∆ #...#........#....
#)# #(..#........#(... #)#
∆∆∆∆∆∆∆∆∆ #...#........#.... #)#
∆∆∆∆∆∆∆∆∆ #...(...(....#°... #)#
∆∆∆∆∆∆∆∆∆ #...#....(...#.... #(#
∆∆∆∆∆∆∆∆∆ #...#####(####....
##.## #.........e....... #.()##
#@................
..#).###########e..............§.
.###..)[..(....☼.################
# ###############


You could see a deep elf master archer.

Vanquished Creatures
  Mara (Elf:3)
  3 deep elf blademasters
  A deep elf master archer (Elf:3)
  A kraken (Shoals:3)
  Frances (Shoals:1)
  Kirke (D:13)
  Donald (Shoals:2)
  10 nagarajas (Snake:4)
  Louise (Shoals:3)
  5 deep elf sorcerers (Elf:3)
  A balrug (Gauntlet)
  A deep elf elementalist (Elf:3)
  An orc warlord (Orc:2)
  3 deep elf demonologists (Elf:3)
  5 deep elf annihilators
  Nessos (D:13)
  3 dire elephants (Lair:6)
  A minotaur (Gauntlet)
  6 merfolk javelineers
  7 deep elf death magi (Elf:3)
  4 deep elf high priests
  2 merfolk impalers
  Erolcha (D:13)
  12 naga warriors
  5 vault guards (D:14)
  11 anacondas
  5 two-headed ogres
  6 centaur warriors
  8 merfolk aquamancers
  4 hydras
  3 merfolk avatars
  A satyr (Shoals:3)
  26 dancing weapons
  5 death yaks (D:9)
  A death knight (D:15)
  14 naga sharpshooters
  4 orc high priests (Orc:2)
  A tengu warrior (D:13)
  2 thrashing horrors (Gauntlet)
  Sonja (Orc:1)
  6 shock serpents
  A storm dragon zombie (D:15)
  18 deep elf knights
  A skeletal warrior (D:15)
  12 sea snakes
  5 salamander mystics (Snake:4)
  3 naga ritualists (Snake:4)
  4 unseen horrors
  17 deep elf archers
  4 lindwurms (Snake:4)
  23 harpies
  A phantasmal warrior (D:15)
  3 necromancers
  A wolf spider zombie (D:15)
  14 fauns
  5 orc knights
  A shining eye (Gauntlet)
  4 cyclopes
  6 oklob plants
  60 deep elf magi
  10 mana vipers
  11 manticores
  5 ugly things
  6 orc sorcerers
  5 salamanders
  A frost giant skeleton (D:15)
  9 elephants (Lair:6)
  5 merfolk sirens
  35 black mambas
  3 ice statues (IceCv)
  A torpor snail (Lair:5)
  6 water nymphs
  23 naga magi
  9 guardian serpents
  8 spiny frogs
  2 gargoyles
  Maggie (D:6)
  A rime drake (Lair:4)
  5 komodo dragons
  A kobold demonologist (D:15)
  A komodo dragon (shapeshifter) (D:14)
  A freezing wraith (D:14)
  5 yaktaurs (D:15)
  A guardian mummy (D:15)
  A tengu conjurer (D:14)
  A spriggan skeleton (D:15)
  10 ice devils
  6 trolls
  30 merfolk
  6 wind drakes
  7 slime creatures (D:14)
  7 blink frogs
  8 snapping turtles
  14 dream sheep
  9 hippogriffs
  A spriggan zombie (D:15)
  21 water elementals
  5 air elementals
  A ynoxinul (Abyss:3)
  Sigmund (D:2)
  A shadow (D:14)
  A wyvern (D:13)
  4 wraiths
  4 small abominations (Gauntlet)
  22 yaks
  2 humans (D:14)
  A hog (D:14)
  A hungry ghost (D:7)
  A basilisk (Lair:1)
  5 fire elementals
  3 vampire mosquitoes (D:13)
  A soldier ant (D:15)
  14 water moccasins
  4 wargs
  Edmund (D:6)
  38 nagas
  3 acid dragons
  5 porcupines
  2 floating eyes
  2 black bears
  2 elephant zombies (Lair:3)
  2 black bears (shapeshifter)
  A hell hound (Gauntlet)
  50 orc warriors
  An eye of draining (D:15)
  6 ice beasts
  2 sky beasts
  22 ogres
  3 phantoms
  9 centaurs
  6 wolves (Lair:1)
  A big kobold (D:11)
  5 crocodiles
  16 bullfrogs
  A komodo dragon zombie (Lair:3)
  5 earth elementals
  A wyvern zombie (D:6)
  A scorpion (D:5)
  5 killer bees (D:10)
  4 wights (D:15)
  4 electric eels (Lair:3)
  2 howler monkeys (D:8)
  6 jellies
  11 crimson imps
  2 draconian simulacra (IceCv)
  4 quasits
  A basilisk zombie (Lair:3)
  2 centaur zombies
  4 hounds
  2 centaur skeletons
  25 orc priests
  21 orc wizards
  3 bullfrog skeletons
  An iguana (D:9)
  8 worker ants
  3 spriggan simulacra (IceCv)
  2 troll simulacra (IceCv)
  4 hell rats (Lair:3)
  A centaur simulacrum (IceCv)
  4 hound zombies (D:4)
  A hound skeleton (D:6)
  2 worker ant zombies
  10 adders
  3 gnolls (D:5)
  A naga simulacrum (IceCv)
  6 river rats (Lair:3)
  An ogre simulacrum (IceCv)
  A shadow imp (D:13)
  An ufetubus (Abyss:3)
  An adder zombie (D:4)
  2 adder skeletons
  5 worms
  5 leopard geckos
  112 orcs
  6 giant cockroaches
  12 goblins
  17 hobgoblins
  5 jackals
  14 kobolds
  6 quokkas
  A ball python zombie (D:4)
  6 bats
  3 frilled lizards
  A giant cockroach zombie (D:4)
  2 leopard gecko skeletons
  8 rats
  8 crawling corpses (Elf:3)
  6 plants
  A tentacle (Shoals:3)
1257 creatures vanquished.

Vanquished Creatures (others)
  2 deep elf magi
  3 humans (D:14)
  An iron imp (Abyss:3)
  An orc wizard (D:14)
  An orc (D:14)
  A fungus (Lair:2)
  2 plants
  3 tentacles (Shoals:3)
14 creatures vanquished.

Grand Total: 1271 creatures vanquished

Notes
Turn   | Place    | Note
-------+----------+-------------------------------------------
     0 | D:1      | skhv the Gnoll Wizard began the quest for the Orb.
     0 | D:1      | Reached XP level 1. HP: 13/13 MP: 8/8
   221 | D:1      | Reached XP level 2. HP: 19/19 MP: 7/10
   799 | D:1      | Reached XP level 3. HP: 25/25 MP: 6/11
   804 | D:1      | Learned a level 2 spell: Blink
   808 | D:1      | Learned a level 3 spell: Mephitic Cloud
  1286 | D:2      | Reached skill level 1 in Fighting
  1286 | D:2      | Reached skill level 1 in Short Blades
  1286 | D:2      | Reached skill level 1 in Long Blades
  1286 | D:2      | Reached skill level 1 in Axes
  1286 | D:2      | Reached skill level 1 in Maces & Flails
  1286 | D:2      | Reached skill level 1 in Polearms
  1286 | D:2      | Reached skill level 1 in Staves
  1286 | D:2      | Reached skill level 1 in Slings
  1286 | D:2      | Reached skill level 1 in Bows
  1286 | D:2      | Reached skill level 1 in Crossbows
  1286 | D:2      | Reached skill level 1 in Throwing
  1286 | D:2      | Reached skill level 1 in Armour
  1286 | D:2      | Reached skill level 1 in Shields
  1286 | D:2      | Reached skill level 1 in Unarmed Combat
  1286 | D:2      | Reached skill level 1 in Invocations
  1286 | D:2      | Reached skill level 1 in Evocations
  1286 | D:2      | Reached XP level 4. HP: 11/32 MP: 5/13
  1753 | D:2      | Reached skill level 1 in Hexes
  1753 | D:2      | Reached skill level 1 in Charms
  1753 | D:2      | Reached skill level 1 in Necromancy
  1753 | D:2      | Reached skill level 1 in Transmutations
  1753 | D:2      | Reached skill level 1 in Fire Magic
  1753 | D:2      | Reached skill level 1 in Ice Magic
  1753 | D:2      | Reached skill level 1 in Air Magic
  1753 | D:2      | Reached skill level 1 in Earth Magic
  1753 | D:2      | Reached skill level 1 in Poison Magic
  1830 | D:2      | Noticed Sigmund
  1838 | D:2      | Killed Sigmund
  1838 | D:2      | Reached XP level 5. HP: 38/38 MP: 6/14
  1838 | D:2      | Reached XP level 6. HP: 44/44 MP: 6/16
  2261 | D:3      | Found a shadowy altar of Dithmenos.
  2338 | D:3      | Found a faded altar of an unknown god.
  2455 | D:3      | Found a glowing silver altar of Zin.
  2793 | D:3      | Found a glowing golden altar of the Shining One.
  3040 | D:3      | Reached skill level 5 in Dodging
  3326 | D:3      | Found an ancient bone altar of Kikubaaqudgha.
  3328 | D:3      | Found an iron altar of Okawaru.
  3545 | D:4      | You fall into a shaft and drop 2 floors!
  3555 | D:5      | Entered Level 5 of the Dungeon
  3561 | D:5      | Noticed an ice beast
  3870 | D:4      | Noticed a phantom
  4075 | D:4      | Reached XP level 7. HP: 50/50 MP: 14/18
  4091 | D:3      | Became a worshipper of Warmaster Okawaru
  4825 | D:4      | Found an ornate altar of the Wu Jian Council.
  5004 | D:5      | Reached skill level 5 in Stealth
  5090 | D:5      | Found a staircase to the Ecumenical Temple.
  5218 | D:5      | Reached XP level 8. HP: 57/57 MP: 12/19
  5326 | D:4      | Reached * piety under Okawaru
  6388 | D:6      | Noticed Edmund
  6402 | D:6      | Killed Edmund
  6742 | D:6      | Noticed Maggie
  6829 | D:6      | Reached XP level 9. HP: 65/65 MP: 17/21
  7013 | D:6      | Killed Maggie
  7013 | D:6      | Reached ** piety under Okawaru
  7934 | D:6      | Found a snail-covered altar of Cheibriados.
  7941 | D:6      | Found a sacrificial altar of Ru.
  7944 | D:6      | Found a blossoming altar of Fedhas.
  8029 | Temple   | Entered the Ecumenical Temple
  8321 | D:7      | Got a jewelled falchion
  8322 | D:7      | Identified the +3 falchion "Meppiw" {venom, MP+9 Str+3}
                  | (You found it on level 7 of the Dungeon)
  9180 | D:8      | Reached skill level 5 in Invocations
  9706 | D:8      | Reached XP level 10. HP: 73/73 MP: 22/22
  9806 | D:8      | Found a burning altar of Makhleb.
 10382 | D:9      | You fall into a shaft and drop 1 floor!
 10382 | D:10     | Entered Level 10 of the Dungeon
 10488 | D:9      | Noticed a death yak
 10503 | D:9      | Noticed a death yak
 10504 | D:9      | Noticed a death yak
 10507 | D:9      | Noticed a death yak
 10518 | D:9      | Killed a death yak
 10518 | D:9      | Reached skill level 5 in Fighting
 10518 | D:9      | Reached skill level 5 in Short Blades
 10518 | D:9      | Reached skill level 5 in Long Blades
 10518 | D:9      | Reached skill level 5 in Axes
 10518 | D:9      | Reached skill level 5 in Maces & Flails
 10518 | D:9      | Reached skill level 5 in Polearms
 10518 | D:9      | Reached skill level 5 in Staves
 10518 | D:9      | Reached skill level 5 in Slings
 10518 | D:9      | Reached skill level 5 in Bows
 10518 | D:9      | Reached skill level 5 in Crossbows
 10518 | D:9      | Reached skill level 5 in Throwing
 10518 | D:9      | Reached skill level 5 in Armour
 10518 | D:9      | Reached skill level 5 in Shields
 10518 | D:9      | Reached skill level 5 in Unarmed Combat
 10518 | D:9      | Reached skill level 5 in Evocations
 10524 | D:9      | Noticed a death yak
 10528 | D:9      | Killed a death yak
 10528 | D:9      | Reached *** piety under Okawaru
 10537 | D:9      | Killed a death yak
 10537 | D:9      | Reached skill level 5 in Conjurations
 10537 | D:9      | Reached skill level 5 in Summonings
 10537 | D:9      | Reached skill level 5 in Translocations
 10544 | D:9      | Killed a death yak
 10544 | D:9      | Reached **** piety under Okawaru
 10687 | D:10     | Noticed a centaur warrior
 10695 | D:10     | Killed a centaur warrior
 10695 | D:10     | Received a gift from Okawaru
 10695 | D:10     | Reached XP level 11. HP: 48/81 MP: 24/24
 10935 | D:9      | Killed a death yak
 11453 | D:9      | Reached skill level 5 in Hexes
 11453 | D:9      | Reached skill level 5 in Charms
 11453 | D:9      | Reached skill level 5 in Necromancy
 11453 | D:9      | Reached skill level 5 in Transmutations
 11453 | D:9      | Reached skill level 5 in Fire Magic
 11453 | D:9      | Reached skill level 5 in Ice Magic
 11453 | D:9      | Reached skill level 5 in Air Magic
 11453 | D:9      | Reached skill level 5 in Earth Magic
 11453 | D:9      | Reached skill level 5 in Poison Magic
 11713 | D:9      | Found a staircase to the Lair.
 12175 | D:10     | Learned a level 3 spell: Ignite Poison
 12180 | D:10     | Learned a level 4 spell: Olgreb's Toxic Radiance
 12610 | D:10     | Identified a scroll of acquirement
 12610 | D:10     | Acquired the amulet "Uharom" {Acrobat rPois rF- rN++}
 12870 | Lair:1   | Entered Level 1 of the Lair of Beasts
 14167 | Lair:2   | Received a gift from Okawaru
 14354 | Lair:2   | Reached ***** piety under Okawaru
 15030 | Lair:3   | Noticed a seven-headed hydra
 15459 | Lair:3   | Killed a seven-headed hydra
 15640 | Lair:3   | Received a gift from Okawaru
 15640 | Lair:3   | Reached XP level 12. HP: 53/89 MP: 25/25
 16570 | Lair:3   | Acquired the ring "Umeelus" {rPois MR+ Str+3 Dex+3}
 16918 | Lair:3   | Noticed a six-headed hydra
 16924 | Lair:3   | Killed a six-headed hydra
 16924 | Lair:3   | Received a gift from Okawaru
 16924 | Lair:3   | Reached skill level 10 in Spellcasting
 18752 | Lair:4   | Found a staircase to the Snake Pit.
 19314 | Lair:4   | Paralysed by a floating eye for 2 turns
 19574 | Lair:4   | Found a staircase to the Shoals.
 20398 | Lair:5   | Reached XP level 13. HP: 74/98 MP: 23/27
 20400 | Lair:5   | Received a gift from Okawaru
 20977 | Lair:6   | Entered Level 6 of the Lair of Beasts
 21125 | Lair:6   | Received a gift from Okawaru
 21970 | Lair:6   | Received a gift from Okawaru
 22333 | Lair:6   | Found a staircase to the Slime Pits.
 23016 | Lair:6   | Noticed a dire elephant
 23042 | Lair:6   | Killed a dire elephant
 23042 | Lair:6   | Received a gift from Okawaru
 23042 | Lair:6   | Reached ****** piety under Okawaru
 23373 | Lair:6   | Noticed a dire elephant
 23373 | Lair:6   | Noticed a dire elephant
 23413 | Lair:6   | Killed a dire elephant
 23413 | Lair:6   | Received a gift from Okawaru
 23416 | Lair:6   | Killed a dire elephant
 23614 | Lair:6   | Got an amethyst-encrusted plate armour
 23625 | Lair:6   | Identified the +0 plate armour of Midnight {rF+} (You found
                  | it on level 6 of the Lair of Beasts)
 24176 | D:11     | Found a staircase to the Orcish Mines.
 24188 | D:11     | Received a gift from Okawaru
 24816 | Orc:1    | Entered Level 1 of the Orcish Mines
 24892 | Orc:1    | Noticed Sonja
 24910 | Orc:1    | Killed Sonja
 24929 | Orc:1    | Reached XP level 14. HP: 106/106 MP: 15/29
 25559 | Orc:2    | Entered Level 2 of the Orcish Mines
 25895 | Orc:2    | Learned a level 2 spell: Poisonous Vapours
 25985 | Orc:2    | Found a roughly hewn altar of Beogh.
 26029 | Orc:2    | Found Hecly's Armour Shoppe.
 26060 | Orc:2    | Found Exzageto's Magic Scroll Emporium.
 26309 | Orc:2    | Reached skill level 10 in Dodging
 27286 | Orc:2    | Noticed an orc warlord
 27309 | Orc:2    | Killed an orc warlord
 27310 | Orc:2    | Received a gift from Okawaru
 27394 | Orc:2    | Reached skill level 10 in Stealth
 27684 | Orc:2    | Found a roughly hewn altar of Beogh.
 27716 | Orc:2    | Found Fucup's Jewellery Shoppe.
 27997 | Orc:2    | Received a gift from Okawaru
 28120 | Orc:2    | Reached skill level 10 in Invocations
 28121 | Orc:2    | Found Jieser's Book Boutique.
 29201 | Orc:2    | Found a staircase to the Elven Halls.
 30051 | D:12     | Got a masterwork rapier
 30052 | D:12     | Identified the +6 rapier "Hiomeb" {antimagic, rElec rPois
                  | Str-2 Int+6} (You found it on level 12 of the Dungeon)
 30647 | D:12     | Found Diraiph's Jewellery Shoppe.
 30810 | D:12     | Bought the ring of Equilibrium {+Fly rF+ rC++ SInv} for 638
                  | gold pieces
 31178 | D:13     | Found a frozen archway.
 31227 | IceCv    | Entered an ice cave
 31940 | IceCv    | Received a gift from Okawaru
 32139 | D:13     | Noticed Erolcha
 32393 | D:13     | Noticed Nessos
 32402 | D:13     | Killed Nessos
 32402 | D:13     | Reached XP level 15. HP: 114/114 MP: 14/30
 32880 | D:13     | Killed Erolcha
 33152 | D:13     | Received a gift from Okawaru
 33326 | D:14     | Noticed Kirke
 33458 | D:13     | Killed Kirke
 33458 | D:13     | Received a gift from Okawaru
 33871 | D:14     | Received a gift from Okawaru
 34276 | D:14     | Received a gift from Okawaru
 34590 | D:14     | Reached skill level 10 in Fighting
 34590 | D:14     | Reached skill level 10 in Short Blades
 34590 | D:14     | Reached skill level 10 in Long Blades
 34590 | D:14     | Reached skill level 10 in Axes
 34590 | D:14     | Reached skill level 10 in Maces & Flails
 34590 | D:14     | Reached skill level 10 in Polearms
 34590 | D:14     | Reached skill level 10 in Staves
 34590 | D:14     | Reached skill level 10 in Slings
 34590 | D:14     | Reached skill level 10 in Bows
 34590 | D:14     | Reached skill level 10 in Crossbows
 34590 | D:14     | Reached skill level 10 in Throwing
 34590 | D:14     | Reached skill level 10 in Armour
 34590 | D:14     | Reached skill level 10 in Shields
 34590 | D:14     | Reached skill level 10 in Unarmed Combat
 34590 | D:14     | Reached skill level 10 in Evocations
 34776 | D:14     | Found a gate to the Vaults.
 35059 | D:14     | Got a steaming ring mail
 35224 | D:15     | Entered Level 15 of the Dungeon
 35422 | D:15     | Found a gate leading to a gauntlet.
 35435 | Gauntlet | Entered a Gauntlet
 35435 | Gauntlet | Found a transporter.
 35435 | Gauntlet | Found a transporter.
 35436 | Gauntlet | Found a transporter.
 35436 | Gauntlet | Found a transporter.
 35439 | Gauntlet | Found a transporter.
 35440 | Gauntlet | Found a transporter.
 35485 | Gauntlet | Found a transporter.
 35489 | Gauntlet | Found a transporter.
 35499 | Gauntlet | Found a transporter.
 35603 | Gauntlet | Found a transporter.
 35603 | Gauntlet | Noticed a balrug
 35607 | Gauntlet | Found a transporter.
 35618 | Gauntlet | Found a transporter.
 35863 | Gauntlet | Paralysed by a floating eye for 3 turns
 36038 | Gauntlet | Killed a balrug
 36059 | Gauntlet | Got a brightly glowing brass ring
 36212 | Gauntlet | Got a smoking amber ring
 36218 | Gauntlet | Got a pair of shimmering gloves
 36230 | Gauntlet | Identified the +2 ring mail "Nekixzeli" {Harm +Blink rF+
                  | Dex-2} (You found it on level 14 of the Dungeon)
 36240 | Gauntlet | Identified the +1 pair of gloves of Love and Death {rN+}
                  | (You found it in a Gauntlet)
 36257 | Gauntlet | Identified the ring "Typt" {rElec rF+ Dex+2} (You found it
                  | in a Gauntlet)
 36259 | Gauntlet | Identified the ring of the Endless Expanse {Fire +Fly
                  | Str+4} (You found it in a Gauntlet)
 36275 | Gauntlet | Identified the +6 arbalest of Udoklape {elec, MR+ MP+9
                  | Dex-2}
 36940 | D:15     | Received a gift from Okawaru
 36951 | D:15     | Reached XP level 16. HP: 78/122 MP: 21/32
 36985 | D:15     | Found a staircase to the Depths.
 36990 | D:15     | Got a slimy long sword {god gift}
 37253 | D:15     | Identified the +1 long sword "Boxaupt" {speed, *Contam rN+
                  | SInv} (Okawaru gifted it to you on level 15 of the Dungeon)
 37328 | D:15     | Gained mutation: You are weak. (Str -2) [mutagenic glow]
 38250 | Orc:2    | Bought a book of Power for 540 gold pieces
 38250 | Orc:2    | Bought a book of Clouds for 540 gold pieces
 38395 | D:12     | Bought the amulet "Ynigykk" {Spirit rF+ rC+ rN+ Dex-2} for
                  | 612 gold pieces
 38492 | Orc:2    | Bought a scroll of enchant armour for 82 gold pieces
 38978 | Shoals:1 | Entered Level 1 of the Shoals
 39295 | Shoals:1 | Received a gift from Okawaru
 40048 | Lair:5   | HP: 6/123 [poisoned by a sea snake]
 40054 | Lair:5   | HP: 6/123 [poisoned by a sea snake]
 40062 | Lair:5   | HP: 6/123 [poisoned by a sea snake]
 40611 | Shoals:1 | Got a pitted rapier {god gift}
 40617 | Shoals:1 | Noticed Frances
 40627 | Lair:4   | Identified the +4 rapier of the King {venom, rElec}
                  | (Okawaru gifted it to you on level 1 of the Shoals)
 40735 | Snake:1  | Entered Level 1 of the Snake Pit
 41335 | Snake:1  | Got a brightly glowing robe
 41445 | Snake:1  | Identified the cursed +0 robe "Bazolo" {rN+++} (You found
                  | it on level 1 of the Snake Pit)
 42639 | Snake:1  | Got a masterwork leather armour
 42650 | Snake:1  | Identified the +3 leather armour "Resel" {rElec rC+ rCorr}
                  | (You found it on level 1 of the Snake Pit)
 43051 | Snake:2  | Received a gift from Okawaru
 47427 | Snake:4  | Entered Level 4 of the Snake Pit
 47667 | Snake:4  | Reached XP level 17. HP: 94/131 MP: 25/33
 48568 | Snake:4  | Received a gift from Okawaru
 48761 | Snake:4  | Learned a level 6 spell: Freezing Cloud
 48872 | Snake:4  | Received a gift from Okawaru
 48915 | Snake:4  | Received a gift from Okawaru
 50300 | Snake:4  | Reached skill level 10 in Conjurations
 50300 | Snake:4  | Reached skill level 10 in Summonings
 50300 | Snake:4  | Reached skill level 10 in Translocations
 51154 | Snake:4  | Received a gift from Okawaru
 52095 | Snake:4  | Reached skill level 10 in Hexes
 52095 | Snake:4  | Reached skill level 10 in Charms
 52095 | Snake:4  | Reached skill level 10 in Necromancy
 52095 | Snake:4  | Reached skill level 10 in Transmutations
 52095 | Snake:4  | Reached skill level 10 in Fire Magic
 52095 | Snake:4  | Reached skill level 10 in Ice Magic
 52095 | Snake:4  | Reached skill level 10 in Air Magic
 52095 | Snake:4  | Reached skill level 10 in Earth Magic
 52095 | Snake:4  | Reached skill level 10 in Poison Magic
 52292 | Snake:4  | Received a gift from Okawaru
 52434 | Snake:4  | Reached XP level 18. HP: 126/139 MP: 35/35
 52515 | Snake:4  | Received a gift from Okawaru
 52802 | Snake:4  | Got a serpentine rune of Zot
 53400 | Shoals:1 | Killed Frances
 54157 | Shoals:1 | Found Jihaxtui's Weapon Shop.
 55752 | Shoals:2 | Received a gift from Okawaru
 55907 | Shoals:3 | Noticed Louise
 55917 | Shoals:3 | Received a gift from Okawaru
 56063 | Shoals:3 | Noticed Donald
 56087 | Shoals:2 | Learned a level 6 spell: Invisibility
 57037 | Shoals:3 | Killed Louise
 57147 | Shoals:3 | Received a gift from Okawaru
 57237 | Shoals:3 | Found Zithuuhu's Armour Shoppe.
 57279 | Shoals:2 | Killed Donald
 57603 | Shoals:3 | Found a runed translucent door.
 57622 | Shoals:3 | Noticed Eddaez Biosh's ghost (journeyman HOFi)
 58223 | Shoals:3 | Received a gift from Okawaru
 58344 | Shoals:4 | Entered Level 4 of the Shoals
 59067 | Shoals:4 | Got a sheer robe
 59078 | Shoals:4 | Identified the cursed +0 robe of Mouweom {Str+5} (You found
                  | it on level 4 of the Shoals)
 59361 | Shoals:4 | Got an iridescent lajatang
 59367 | Shoals:4 | Identified the +5 lajatang "Reuceos" {vorpal, +Inv rC+
                  | Dex+4} (You found it on level 4 of the Shoals)
 59569 | Shoals:4 | Got a polished double sword
 59570 | Shoals:4 | Identified the +9 double sword of Analysis {freeze, rC+
                  | Stlth+} (You found it on level 4 of the Shoals)
 60168 | Shoals:4 | Reached XP level 19. HP: 147/147 MP: 7/36
 60202 | Shoals:4 | Received a gift from Okawaru
 60415 | Shoals:4 | Got a barnacled rune of Zot
 60725 | Elf:1    | Entered Level 1 of the Elven Halls
 61390 | Elf:1    | Found Vexzowaa's Jewellery Emporium.
 61739 | Elf:1    | Received a gift from Okawaru
 63194 | Elf:2    | Found Kerr's Distillery.
 63196 | Elf:2    | Found Uhaceuc's Antique Weapon Shoppe.
 63196 | Elf:2    | Found Qoeptal's Food Shoppe.
 63199 | Elf:2    | Found Quocri's Weapon Shoppe.
 63547 | Elf:2    | Received a gift from Okawaru
 64087 | Elf:2    | Found a runed translucent gate.
 64088 | Elf:2    | Found a runed translucent gate.
 64089 | Elf:2    | Found a runed translucent gate.
 65578 | Elf:3    | Entered Level 3 of the Elven Halls
 65836 | Elf:3    | Reached XP level 20. HP: 146/155 MP: 28/38
 67115 | Elf:3    | Noticed Mara
 67136 | Elf:3    | Noticed skhv's illusion
 67153 | Elf:3    | Noticed skhv's illusion
 67629 | Elf:3    | Noticed skhv's illusion
 67714 | Elf:3    | Killed Mara
 67714 | Elf:3    | Received a gift from Okawaru
 68318 | Elf:3    | Noticed a Brimstone Fiend
 68321 | Elf:3    | Noticed a Tzitzimitl
 68333 | Elf:3    | Cast into level 3 of the Abyss (a deep elf sorcerer)
 68565 | Abyss:4  | Found a corrupted altar of Lugonu.
 68589 | Elf:3    | Escaped the Abyss
 68950 | Elf:3    | Identified the ring of Igiop {*Tele Dex+3}
 69084 | Elf:3    | Received a gift from Okawaru
 69202 | Elf:3    | Got a scorched buckler {god gift}
 69213 | Elf:3    | Identified the +0 buckler of the Sacrificial Victim {rPois
                  | Str+4} (Okawaru gifted it to you on level 3 of the Elven
                  | Halls)
 69315 | Elf:3    | Shot with an arrow by a deep elf master archer

Illustrated notes

Levels and vault maps discovered:
D:1:      lightli_arrival_noodles, layout_basic
D:2:      layout_loops_cross, uniq_sigmund
D:3:      cheibrodos_greedy_goblins, layout_loops_ring, zin_treasury,
          nicolae_overflow_hidden_temple, chequers_ecumenical_altar_simple,
          nicolae_tso_carved_into_rock
D:4:      layout_rooms, marbit_many_paths, serial_undead, serial_undead_a,
          serial_undead_a, serial_undead_d, serial_undead_f
D:5:      layout_rooms, minmay_temple_entry_ruins, first_ration,
          patterned_corridor
D:6:      minmay_chambers_of_fours, layout_cave_pools,
          minmay_overflow_temple_star_quad, uniq_edmund, uniq_maggie
D:7:      layout_cave_pods
D:8:      layout_loops_ring, kennysheep_mini, kennysheep_dice
D:9:      layout_small_grid, dpeg_lair_monsters
D:10:     layout_roguey
D:11:     layout_roguey, erik_orc_3
D:12:     layout_layer_cave, serial_shops, nicolae_shop_window_shopping
D:13:     layout_roguey, portal_ice_cave_demonic_guard, uniq_erolcha,
          uniq_nessos
D:14:     layout_irregular_city, grunt_vaults_entry_fortified,
          minmay_misc_feat_square, grunt_livestock, uniq_kirke
D:15:     gammafunk_depths_entry_grave, layout_loops_cross,
          hangedman_decor_growths, gauntlet_entry_generic
Temple:   dshaligram_water_room_temple
Lair:1:   layout_regular_city
Lair:2:   layout_misc_corridors, serial_bayou, serial_bayou_pond_e,
          serial_bayou_shore_b, serial_bayou_pond_b, serial_bayou_lagoon_a,
          st_stairs_10
Lair:3:   pond_and_an_island_with_a_cottage, layout_small_grid, serial_forest,
          infiniplex_forest_clump_diagonal, infiniplex_forest_clump_small,
          infiniplex_forest_clump_small, infiniplex_forest_clump_cross,
          infiniplex_forest_corner_1, infiniplex_forest_corner_1,
          infiniplex_forest_end_3, infiniplex_forest_lined_2,
          kennysheep_abandoned_house
Lair:4:   layout_roguey, minmay_shoals_entry_lonely_mermaid,
          minmay_snake_entry_guardpost_small, disabler_island
Lair:5:   layout_hall_layers, nicolae_lair_grove_arrangements
Lair:6:   due_jungle_book, layout_cave_shapes, dpeg_slime_entry_corner,
          grunt_megastairs_3, lemuel_fruit_fields, minmay_lair_oklob_chamber
Shoals:1: layout_shoals, serial_shops, shop, uniq_frances
Shoals:2: layout_shoals
Shoals:3: layout_shoals, serial_shops, shop, ebering_ghost_reflecting_pool,
          uniq_louise, uniq_donald
Shoals:4: shoals_end_hangedman, layout_shoals
Snake:1:  layout_misc_corridors
Snake:2:  layout_onion, drop_trap
Snake:3:  layout_cave_town
Snake:4:  snake_pit_salamanders_mu, layout_gridlike
Orc:1:    layout_diamond_mine, uniq_sonja
Orc:2:    pubby_orc_utopia, serial_shops
Elf:1:    minmay_elf_arrival_plus, layout_loops_cross, serial_shops, shop,
          hangedman_elf_represent
Elf:2:    layout_onion_city, minmay_shop_grid_forest, glass_columns_c
Elf:3:    elf_hall_gauntlet_narrow, layout_onion_city, uniq_mara

Skill      XL: |  1  2  3  4  5  6  7  8  9 10 11 12 13 14 15 16 17 18 19 20 |
---------------+-------------------------------------------------------------+-----
Conjurations   | 2 3 4 5 6 7 8 9 10 11 | 11.7
Summonings     | 2 3 4 5 6 7 8 9 10 11 | 11.7
Translocations | 2 3 4 5 6 7 8 9 10 11 | 11.7
Fighting       | 1 2 3 4 5 6 7 8 9 10 11 12 13 | 13.3
Short Blades   | 1 2 3 4 5 6 7 8 9 10 11 12 13 | 13.3
Long Blades    | 1 2 3 4 5 6 7 8 9 10 11 12 13 | 13.3
Axes           | 1 2 3 4 5 6 7 8 9 10 11 12 13 | 13.3
Maces & Flails | 1 2 3 4 5 6 7 8 9 10 11 12 13 | 13.3
Polearms       | 1 2 3 4 5 6 7 8 9 10 11 12 13 | 13.3
Staves         | 1 2 3 4 5 6 7 8 9 10 11 12 13 | 13.3
Slings         | 1 2 3 4 5 6 7 8 9 10 11 12 13 | 13.3
Bows           | 1 2 3 4 5 6 7 8 9 10 11 12 13 | 13.3
Crossbows      | 1 2 3 4 5 6 7 8 9 10 11 12 13 | 13.3
Throwing       | 1 2 3 4 5 6 7 8 9 10 11 12 13 | 13.3
Armour         | 1 2 3 4 5 6 7 8 9 10 11 12 13 | 13.3
Shields        | 1 2 3 4 5 6 7 8 9 10 11 12 13 | 13.3
Unarmed Combat | 1 2 3 4 5 6 7 8 9 10 11 12 13 | 13.3
Invocations    | 1 2 3 4 5 6 7 8 9 10 11 12 13 14 | 14.4
Evocations     | 1 2 3 4 5 6 7 8 9 10 11 12 13 | 13.3
Hexes          | 1 2 3 4 5 6 7 8 9 10 11 | 11.5
Charms         | 1 2 3 4 5 6 7 8 9 10 11 | 11.5
Necromancy     | 1 2 3 4 5 6 7 8 9 10 11 | 11.5
Transmutations | 1 2 3 4 5 6 7 8 9 10 11 | 11.5
Fire Magic     | 1 2 3 4 5 6 7 8 9 10 11 | 11.5
Ice Magic      | 1 2 3 4 5 6 7 8 9 10 11 | 11.5
Air Magic      | 1 2 3 4 5 6 7 8 9 10 11 | 11.5
Earth Magic    | 1 2 3 4 5 6 7 8 9 10 11 | 11.5
Poison Magic   | 1 2 3 4 5 6 7 8 9 10 11 | 11.5
Dodging        | 5 6 7 8 9 10 11 12 13 14 | 14.0
Stealth        | 5 6 7 8 9 10 11 12 13 | 13.9
Spellcasting   | 8 9 10 11 12 13 14 | 14.8

Action                   |  1- 3 |  4- 6 |  7- 9 | 10-12 | 13-15 | 16-18 | 19-21 || total
-------------------------+-------+-------+-------+-------+-------+-------+-------++-------
Melee: Dagger            |     3 |    28 |    81 |       |       |       |       ||   112
       Bite              |       |     1 |    14 |    62 |   190 |   191 |    92 ||   550
       Punch             |       |       |     6 |    30 |    64 |       |       ||   100
       Falchion          |       |       |    69 |    76 |       |    13 |       ||   158
       Demon whip        |       |       |       |   355 |  1184 |  1372 |   831 ||  3742
       Unarmed           |       |       |       |    58 |       |       |       ||    58
       Rapier            |       |       |       |       |     6 |       |       ||     6
 Fire: Shortbow          |       |       |    19 |       |       |       |       ||    19
 Cast: Magic Dart        |    80 |   114 |   305 |   158 |   226 |   182 |    83 ||  1148
       Mephitic Cloud    |       |     5 |    12 |    53 |    38 |     1 |     3 ||   112
       Blink             |       |     3 |     3 |    12 |     3 |    10 |       ||    31
       Ignite Poison     |       |       |       |    19 |    53 |    94 |    57 ||   223
       Olgreb's Toxic Ra |       |       |       |    11 |    43 |    58 |    29 ||   141
       Poisonous Vapours |       |       |       |       |   108 |   213 |   169 ||   490
       Freezing Cloud    |       |       |       |       |       |    47 |    28 ||    75
       Invisibility      |       |       |       |       |       |       |     2 ||     2
Invok: Heroism           |       |       |       |     8 |    12 |    20 |     8 ||    48
       Finesse           |       |       |       |       |     6 |    12 |     3 ||    21
 Abil: Evoke Blink       |       |       |       |       |     1 |       |       ||     1
       Evoke Flight      |       |       |       |       |       |     1 |       ||     1
Evoke: Wand              |       |       |       |    11 |    17 |     2 |     3 ||    33
       Lightning rod     |       |       |       |       |       |     4 |     4 ||     8
       Tin of tremorston |       |       |       |       |       |     3 |       ||     3
       Box of beasts     |       |       |       |       |       |       |     1 ||     1
  Use: Scroll            |       |     6 |    14 |    11 |     9 |    11 |     2 ||    53
       Potion            |       |       |       |     1 |     1 |    15 |     8 ||    25
 Stab: Confused          |       |     1 |     6 |    12 |    12 |       |       ||    31
       Sleeping          |       |       |       |    11 |    12 |    10 |     8 ||    41
       Distracted        |       |       |       |       |     2 |     5 |       ||     7
       Invisible         |       |       |       |       |       |     2 |     2 ||     4
  Eat: Chunk             |     1 |     8 |    12 |    20 |    32 |    24 |    14 ||   111
       Ration            |       |       |     3 |     4 |     6 |    18 |     7 ||    38
Armor: Robe              |     1 |     3 |    10 |       |       |       |       ||    14
       Steam dragon scal |       |       |    20 |    74 |    11 |   263 |   127 ||   495
       Skin              |       |       |     2 |       |       |       |       ||     2
       Ring mail         |       |       |       |       |   149 |    13 |       ||   162
       Chain mail        |       |       |       |       |    46 |       |       ||    46
Dodge: Dodged            |    10 |    64 |   203 |   484 |   794 |  1091 |   446 ||  3092
Block: Buckler           |       |       |       |       |    52 |   340 |   193 ||   585
       Kite shield       |       |       |       |       |       |   217 |       ||   217
       Rpst.: Falchion   |       |       |    20 |    23 |       |     1 |       ||    44
